Map: 亚历山大港 - 天梯版

Players

INnoVation - Winner!

  • Race: Terran Terran
  • League: Diamond

RAIL

  • Race: Protoss Protoss

Event: WESG 2018 Grand Finals

VOD

Have the link to the VOD?

Description

Time

  • Played on: March 14, 2019, 3:44 a.m.
  • Length: 8:57

All games in this series

Show
View Real Time Build Order
Export as new Build Order

INnoVation Terran - Winner!

Build Orders: Reaper Expand 

Get SALT Encoding   

  12  0:01  SCV  
  13  0:13  SCV  
  14  0:18  Supply Depot  
  14  0:25  SCV  
  15  0:39  SCV  
  15  0:42  Barracks  
  16  0:44  Refinery  
  16  0:51  SCV  
  17  1:04  SCV  
  18  1:16  SCV  
  19  1:29  Reaper, Orbital Command  
  20  1:44  Command Center  
  20  1:54  SCV  
  20  2:00  Supply Depot  
  21  2:01  Barracks Reactor  
  21  2:07  SCV  
  21  2:08  Refinery  
  22  2:19  SCV  
  23  2:25  Factory  
  23  2:32  SCV  
  23  2:35  Bunker  
  24  2:37  Marine  
  24  2:38  Marine  
  26  2:44  SCV  
  26  2:55  Marine x2  
  26  2:56  Orbital Command, SCV  
  29  3:08  SCV  
  29  3:10  Starport  
  29  3:12  Factory Tech Lab  
  30  3:16  Marine  
  30  3:17  Marine  
  32  3:20  SCV  
  32  3:22  SCV  
  34  3:31  Cyclone  
  34  3:33  SCV  
  38  3:34  SCV  
  38  3:38  Supply Depot  
  38  3:40  Marine x2  
  41  3:46  Starport Tech Lab, SCV x2  
  43  3:58  Marine x2, Supply Depot  
  43  4:00  SCV x2  
  47  4:05  Raven  
  49  4:12  SCV x2  
  49  4:15  Barracks  
  49  4:16  Marine x2  
  53  4:20  Siege Tank  
  56  4:26  SCV x2  
  56  4:27  Supply Depot  
  56  4:31  Barracks  
  58  4:34  Marine x2  
  58  4:38  SCV x2  
  62  4:42  Engineering Bay  
  62  4:46  Refinery  
  62  4:50  Supply Depot  
  62  4:54  SCV x2  
  62  4:55  Siege Tank  
  62  4:59  Refinery, Starport Tech Lab  
  67  5:07  SCV x2  
  69  5:09  Terran Infantry Weapons Level 1  
  69  5:13  Supply Depot  
  69  5:16  Stimpack  
  69  5:22  SCV x2  
  69  5:25  Command Center  
  69  5:26  Starport Reactor  
  71  5:36  Combat Shield, SCV x2  
  73  5:43  Barracks x2  
  73  5:44  Supply Depot  
  73  5:49  Marauder x2  
  77  5:51  SCV  
  77  5:52  SCV  
  77  5:55  Siege Tank  
  82  5:58  Marine x2  
  82  6:01  Supply Depot  
  85  6:04  SCV x2  
  85  6:08  Supply Depot  
  86  6:11  Medivac  
  86  6:13  Medivac  
  86  6:16  SCV  
  91  6:20  Marauder  
  91  6:23  Marauder  
  91  6:24  Marine x2  
  97  6:28  Siege Tank  
  100  6:33  SCV x2  
  100  6:36  Supply Depot  
  100  6:37  Orbital Command  
  100  6:39  Barracks Tech Lab  
  102  6:40  Barracks Reactor  
  102  6:46  Marauder x2, Marine  
  106  6:47  Marine  
  106  6:53  Medivac  
  110  6:54  Medivac  
  110  6:57  SCV x2  
  114  7:02  Missile Turret  
  114  7:03  Orbital Command  
  114  7:06  Marauder  
  114  7:07  Marauder, Marine x2  
  114  7:08  Marauder  
  122  7:12  Siege Tank  
  122  7:13  Missile Turret  
  122  7:34  Marauder x3  
  122  7:36  Marine x4  
  132  7:54  Marine  
  132  7:58  Marine x3  
  130  8:04  Marauder  
  133  8:06  Medivac  
  132  8:21  Marauder  
  133  8:29  Marine  
  133  8:30  Marine  
  133  8:31  Marauder  
  133  8:37  Supply Depot  
Show
View Real Time Build Order
Export as new Build Order

RAIL Protoss 

Build Orders: 1 Gate Expand, Double Forge, Blink Stalkers 

Get SALT Encoding   

  12  0:00  Probe  
  13  0:12  Probe  
  14  0:18  Pylon  
  14  0:24  Probe  
  15  0:32  Probe  
  15  0:40  Probe, Gateway  
  16  0:48  Assimilator  
  17  0:51  Probe  
  18  1:03  Probe  
  19  1:15  Probe  
  20  1:25  Nexus  
  20  1:36  Cybernetics Core  
  20  1:38  Probe  
  21  1:43  Assimilator  
  21  1:50  Probe  
  21  1:54  Pylon  
  22  2:02  Stalker, Probe  
  23  2:12  Warp Gate  
  23  2:15  Probe  
  26  2:29  Probe  
  27  2:32  Stalker  
  29  2:42  Probe  
  29  2:47  Probe  
  29  2:48  Twilight Council  
  29  2:50  Probe  
  29  2:55  Probe  
  31  2:58  Probe  
  31  3:02  Sentry  
  35  3:05  Probe  
  35  3:09  Probe  
  37  3:13  Probe  
  38  3:22  Probe x2  
  38  3:25  Gateway, Blink  
  40  3:32  Gateway  
  40  3:33  Probe  
  41  3:36  Probe  
  41  3:41  Pylon, Probe  
  43  3:48  Probe  
  43  3:49  Probe  
  43  3:50  Robotics Facility  
  45  4:00  Probe  
  45  4:01  Stalker, Probe  
  49  4:14  Nexus  
  49  4:19  Pylon  
  49  4:27  Probe  
  49  4:29  Stalker  
  52  4:31  Probe  
  52  4:36  Forge  
  52  4:37  Forge  
  53  4:39  Protoss Ground Weapons Level 1  
  53  4:40  Observer  
  53  4:41  Assimilator  
  53  4:44  Pylon, Probe  
  53  4:45  Probe  
  56  4:48  Protoss Ground Armor Level 1  
  56  4:58  Probe x2  
  58  5:01  Pylon  
  58  5:02  Gateway  
  58  5:03  Gateway  
  58  5:06  Gateway  
  58  5:17  Probe  
  59  5:21  Sentry  
  59  5:22  Zealot  
  59  5:23  Probe  
  59  5:26  Charge  
  59  5:27  Zealot  
  66  5:28  Probe  
  66  5:34  Probe  
  68  5:36  Probe  
  68  5:39  Pylon  
  68  5:42  Robotics Bay  
  69  5:43  Stalker  
  69  5:45  Probe  
  69  5:46  Probe  
  69  5:47  Zealot  
  69  5:49  Probe  
  76  5:57  Probe  
  77  5:59  Probe  
  77  6:01  Probe  
  77  6:03  Zealot x2  
  83  6:07  Pylon  
  83  6:09  Probe  
  83  6:11  Pylon  
  84  6:12  Probe  
  84  6:17  Protoss Ground Weapons Level 2  
  85  6:20  Protoss Ground Armor Level 2  
  85  6:24  Probe  
  86  6:27  Probe, Assimilator  
  86  6:28  Assimilator  
  87  6:36  Pylon  
  87  6:37  Stalker x2  
  91  6:41  Pylon  
  91  6:42  Nexus  
  91  6:44  Probe x3  
  91  6:46  Pylon  
  94  6:50  Pylon  
  94  6:52  Colossus  
  94  7:00  Zealot x2  
  104  7:03  Zealot x2  
  104  7:06  Zealot  
  104  7:07  Zealot  
  112  7:12  Extended Thermal Lance  
  112  7:16  Pylon  
  112  7:33  Stalker  
  112  7:34  Stalker x2  
  112  7:35  Zealot  
  112  7:36  Zealot x2  
  120  7:40  Colossus  
  120  7:48  Probe x2  
  120  7:49  Gateway x2  
  128  7:59  Stalker, Zealot x4  
  128  8:00  Zealot  
  120  8:20  Zealot  
  120  8:21  Zealot x2  
  120  8:23  Zealot x3  
  120  8:24  Probe  
  129  8:28  Pylon  
  129  8:32  Pylon  
  129  8:36  Probe  
  96  8:51  Zealot x3  
  96  8:52  Zealot x3  
Tags
 
Add a new tag
Caveats
  • Supply blocks, unpowered buildings, or Contaminate may cause inaccurate times.
  • Supply counts are checked every 10 seconds.